 Dungeon Crawl Stone Soup version 0.29-a0-8-g0446c0dae4 (webtiles) character file.

Game seed: 13753570131813994325

26 cyrus the Skirmisher (level 2, 0/25 HPs)
             Began as a Palentonga Fighter on Jan 27, 2022.
             Slain by a goblin (2 damage)
             ... led by Robin
             ... on level 1 of the Dungeon.
             The game lasted 00:02:27 (1327 turns).

cyrus the Skirmisher (Palentonga Fighter)           Turns: 1327, Time: 00:02:28

Health: 0/25       AC:  6    Str: 19    XL:     2   Next: 89%
Magic:  2/2        EV:  7    Int:  8    God:
Gold:   36         SH:  4    Dex:  9    Spells: 1/1 levels left

rFire   . . .      SeeInvis +   a - +0 trident
rCold   . . .      Faith    .   c - +0 buckler
rNeg    . . .      Spirit   .   b - +0 scale mail
rPois   .          Reflect  .   (no helmet)
rElec   .          Harm     .   (no cloak)
rCorr   .          Rampage  .   (no gloves)
Will    .....                   (no barding)
Stlth   ..........              (no amulet)
HPRegen 0.08/turn               (no ring)
MPRegen 0.08/turn               (no ring)

@: mighty
A: large, rugged brown scales 3, see invisible, deformed body, roll 1, armoured
tail
a: Rolling Charge


You were on level 1 of the Dungeon.
You visited 1 branch of the dungeon, and saw 2 of its levels.

You collected 36 gold pieces.

Inventory:

Hand Weapons
 a - a +0 trident (weapon)
Armour
 b - a +0 scale mail (worn)
 c - a +0 buckler (worn)
Magical Staves
 h - a staff of fire
Scrolls
 f - a scroll of noise {unknown}
 g - a scroll of silence {unknown}
Potions
 e - 2 potions of cancellation {unknown}
 i - a potion of curing {unknown}


   Skills:
 + Level 3.4 Fighting
 + Level 2.0 Polearms
 + Level 2.8 Armour
 + Level 2.6 Shields


You had one spell level left.
You didn't know any spells.
Your spell library was empty.

Dungeon Overview and Level Annotations

Branches:
Dungeon (2/15)

Altars:

Shops:
D:1 ?


Innate Abilities, Weirdness & Mutations

You are completely covered in rugged brown scales. (AC +3, +7% HP)
You have supernaturally acute eyesight. (SInv)
Armour fits poorly on your strangely shaped body.
You can roll at nearby foes to attack.
You have a long armoured tail.


Message History

* * * LOW HITPOINT WARNING * * *
The rat moves out of view.
There is a stone staircase leading up here.
Items here: ! ))) [[ ††.
You can't go down here!
The hobgoblin hits you.
* * * LOW HITPOINT WARNING * * *
The goblin closely misses you.
You climb upwards.
There is a stone staircase leading down here.
You barely miss the hobgoblin. The goblin closely misses you.
The hobgoblin hits you.
* * * LOW HITPOINT WARNING * * *
The goblin hits you but does no damage.
The hobgoblin hits you but does no damage.
You puncture the hobgoblin!
You kill the hobgoblin!
The goblin unwields a +0 dagger.
The goblin wields a +0 hunting sling.
The goblin shoots a stone.
The stone closely misses you.
The stone misses the goblin.
The stone closely misses the goblin.
The goblin hits you with a +0 dagger.
* * * LOW HITPOINT WARNING * * *
You puncture the goblin!
You kill the goblin!
The goblin no longer looks unusually strong.
The goblin shoots a stone.
The stone closely misses you.
The stone hits the goblin.
The goblin dies!
The goblin shoots a stone.
The stone hits you but does no damage.
Items here: ( )) †.
The goblin no longer looks unusually strong.
The goblin shoots a stone.
The stone barely misses you.
There is a stone staircase leading down here.
The goblin unwields a +0 hunting sling.
The goblin wields a +0 dagger.
The goblin hits you but does no damage.
You barely miss the goblin.
Your tail-slap misses the goblin.
The goblin hits you but does no damage.
You closely miss the goblin.
Your tail-slap misses the goblin.
The goblin hits you with a +0 dagger.
You die...

#.# #.##...##.######.###
#..# #.# #.###.###.# #.#
♣#..# #.# #.# #.# #.# #.#
♣.... #.# #.# #.# #.# ##+##
♣.... #.# #.###)###.#
##...##♣.... ###.#
#.........# ##.....#♣♣...
.##.# #####..######......#
♣...
..#.#########...####.......#
♣♣..
...............g@>)).......#
♣..
..#.##.######...####.......#
♣.. .#..##.# #..## ##......#
♣.. ######.# #.## ##.....#
#.. ....##.# #.# ##...## #..
≈≈..#..# #.# ##'## #..
....#### #.## #####.## #..
....# #..# #.....[# #..
≈≈≈.# ##.# ##.###..### #..


You could see a goblin.

Vanquished Creatures
  Robin (D:2)
  A bat (D:1)
  An endoplasm (D:1)
  4 goblins
  3 hobgoblins (D:1)
  A quokka (D:1)
  A ball python (D:1)
  2 kobolds (D:1)
14 creatures vanquished.

Vanquished Creatures (others)
  2 goblins
2 creatures vanquished.

Grand Total: 16 creatures vanquished

Notes
Turn   | Place    | Note
-------+----------+-------------------------------------------
     0 | D:1      | cyrus the Palentonga Fighter began the quest for the Orb.
     0 | D:1      | Reached XP level 1. HP: 19/19 MP: 1/1
   444 | D:1      | Found Yteuhoit's Magic Scroll Emporium.
   606 | D:1      | Reached XP level 2. HP: 25/25 MP: 2/2
   941 | D:1      | Found a faded altar of an unknown god.
  1303 | D:2      | Noticed Robin
  1315 | D:2      | Killed Robin
  1321 | D:1      | HP: 1/25 [goblin[Robin] (2)]
  1327 | D:1      | Slain by a goblin

Illustrated notes

Levels and vault maps discovered:
D:1:      sevenhm_arrival_forest_fort_large_4, layout_loops_corners,
          shapermc_ecumenical_altar_notcrosses, serial_shops,
          nicolae_shop_advertising_works [nicolae_subvault_shop_adworks]
D:2:      layout_basic, uniq_robin, uniq_jessica

Skill      XL: |  1  2 |
---------------+-------+-----
Polearms       | 2 |  2.0
Fighting       | |  3.4
Armour         | |  2.8
Shields        | |  2.6

Action                   || total
-------------------------++-------
Melee: Trident           ||    38
       Tailslap          ||     4
  Use: Potion            ||     1
Armor: Scale mail        ||    15
Dodge: Dodged            ||    21
Block: Buckler           ||    13

Table legend: (Time is in decaauts)
 A = Elapsed time spent in this place.
 B = Non-inter-level travel time spent in this place.
 C = Inter-level travel time spent in this place.
 D = Time resting spent in this place.
 E = Time spent auto-exploring this place.
 F = Levels seen in this place.
 G = Mean time per level.
                   A        B        C        D        E       F      G
               +--------+--------+--------+--------+--------+-----+--------+
         Total |   1337 |   1337 |      0 |    247 |    820 |   2 |  668.5 |
       Dungeon |   1337 |   1337 |      0 |    247 |    820 |   2 |  668.5 |
               +--------+--------+--------+--------+--------+-----+--------+

Top non-repeatable levels by time:
     D:1: 1319 daAuts
     D:2: 17 daAuts
